 Dungeon Crawl Stone Soup version 0.23-a0-335-gba3dfdf (webtiles) character file.

5227 epen the Covert (level 10, -11/79 HPs)
             Began as a Gnoll Assassin on Oct 17, 2018.
             Was a Follower of Uskayaw.
             Mangled by a two-headed ogre
             ... wielding a +0 giant spiked club
              (17 damage)
             ... on level 9 of the Dungeon.
             The game lasted 00:14:17 (8210 turns).

epen the Covert (Gnoll Assassin)                    Turns: 8210, Time: 00:14:18

Health: -11/79     AC: 19    Str: 17    XL:     10   Next: 61%
Magic:  18/18      EV: 10    Int: 13    God:    Uskayaw [*.....]
Gold:   420        SH:  0    Dex: 17    Spells: 19/19 levels left

rFire    + . .     SeeInvis .   f - +5 long sword
rCold    . . .     Gourm    .   (no shield)
rNeg     . . .     Faith    .   y - +2 chain mail {rPois}
rPois    +         Spirit   .   (helmet restricted)
rElec    .         Reflect  .   x - +0 cloak
rCorr    .         Harm     .   r - +1 pair of gloves
MR       .....     Clarity  +   u - +1 pair of boots
Stlth    +.........             (no amulet)
HPRegen  0.23/turn              l - ring of protection from fire
MPRegen  0.16/turn              (no ring)

@: no status effects
A: distributed training, fangs 1, horns 1, thin metallic scales 1, clarity,
strong nose
a: Stomp, Renounce Religion


You were on level 9 of the Dungeon.
You worshipped Uskayaw.
Uskayaw was noncommittal.
You were not hungry.

You visited 2 branches of the dungeon, and saw 10 of its levels.

You collected 420 gold pieces.

Inventory:

Hand Weapons
 b - a +0 blowgun
 f - a +5 long sword (weapon)
 m - a +3 dire flail of holy wrath
 E - a +0 scimitar of flaming
Missiles
 e - 53 poisoned needles
 h - 5 javelins (quivered)
 C - a throwing net
Armour
 d - a +0 cloak
 q - a +2 ring mail of fire resistance
 r - a +1 pair of gloves (worn)
 u - a +1 pair of boots (worn)
 x - a +0 cloak (worn)
 y - a +2 chain mail of poison resistance (worn)
Jewellery
 l - a ring of protection from fire (left hand)
 s - a cursed -2 ring of intelligence {unknown}
Wands
 z - a wand of flame (23)
Scrolls
 k - 8 scrolls of teleportation
 p - 2 scrolls of amnesia
 v - 8 scrolls of identify
 A - a scroll of noise {unknown}
Potions
 c - a potion of might
 j - a potion of ambrosia
 n - 4 potions of curing
 o - a potion of degeneration {unknown}
 B - a potion of haste
Comestibles
 g - 14 rations


   Skills:
 + Level 7.1 Fighting
 + Level 7.1 Short Blades
 + Level 5.3 Long Blades
 + Level 5.3 Axes
 + Level 5.3 Maces & Flails
 + Level 5.3 Polearms
 + Level 5.3 Staves
 + Level 5.3 Slings
 + Level 5.3 Bows
 + Level 5.3 Crossbows
 + Level 7.1 Throwing
 + Level 5.3 Armour
 + Level 6.0 Dodging
 + Level 9.5 Stealth
 + Level 5.3 Shields
 + Level 5.3 Unarmed Combat
 + Level 5.3 Spellcasting
 + Level 4.4 Conjurations
 + Level 4.4 Hexes
 + Level 4.4 Charms
 + Level 4.4 Summonings
 + Level 4.4 Necromancy
 + Level 4.4 Translocations
 + Level 4.4 Transmutations
 + Level 4.4 Fire Magic
 + Level 4.4 Ice Magic
 + Level 4.4 Air Magic
 + Level 4.4 Earth Magic
 + Level 4.4 Poison Magic
 + Level 5.9 Invocations
 + Level 5.3 Evocations


You had 19 spell levels left.
You didn't know any spells.
Your spell library contained the following spells:

 Spells                   Type           Power        Failure   Level  Hunger
 Confusing Touch          Hex            ##....       36%         1    None
 Corona                   Hex            ##.....      36%         1    None
 Summon Small Mammal      Summ           ##..         36%         1    None
 Call Imp                 Summ           ##......     50%         2    ##.....
 Ensorcelled Hibernation  Hex/Ice        ##....       50%         2    ##.....
 Call Canine Familiar     Summ           ##......     75%         3    ###....
 Confuse                  Hex            ##......     75%         3    ###....
 Dazzling Spray           Conj/Hex       ##....       75%         3    ###....
 Gell's Gravitas          Tloc           ##........   75%         3    ###....
 Summon Guardian Golem    Hex/Summ       ##......     75%         3    ###....
 Tukima's Dance           Hex            ##......     75%         3    ###....
 Petrify                  Tmut/Erth      ##......     98%         4    ####...
 Summon Ice Beast         Ice/Summ       ##......     98%         4    ####...
 Summon Lightning Spire   Summ/Air       ##......     98%         4    ####...
 Bolt of Magma            Conj/Fire/Erth ##........   100%        5    ######.
 Iskenderun's Battlesphe  Conj/Chrm      ##......     100%        5    ######.
 Metabolic Englaciation   Hex/Ice        ##........   100%        5    ######.
 Venom Bolt               Conj/Pois      ##........   100%        5    ######.
 Yara's Violent Unravell  Hex/Tmut       ##........   100%        5    ######.
 Iron Shot                Conj/Erth      ##........   100%        6    #######
 Orb of Destruction       Conj           ##........   100%        7    #######
 Spellforged Servitor     Conj/Summ      ##........   100%        7    #######


Dungeon Overview and Level Annotations

Branches:
Dungeon (9/15)             Temple (1/1) D:6
   Lair: D:8-11         Orc: D:9-12

Altars:
Ashenzari
Cheibriados
Dithmenos
Elyvilon
Fedhas
Gozag
Kikubaaqudgha
Makhleb
Nemelex Xobeh
Okawaru
Qazlal
Ru
Trog
Uskayaw
Vehumet
Wu Jian
Xom
Yredelemnul
Zin
The Shining One

Shops:
D:8 (


Innate Abilities, Weirdness & Mutations

Your experience applies equally to all skills.
You have very sharp teeth.
Your uncanny sense of smell can sniff out nearby items.
You have a pair of small horns on your head.
You are partially covered in thin metallic scales. (AC +2)
You possess an exceptional clarity of mind.


Message History

The two-headed ogre hits you with a +0 giant spiked club.
The two-headed ogre hits you with a +0 giant spiked club!!
You barely miss the two-headed ogre. You slash the two-headed ogre!
The two-headed ogre is moderately wounded.
The two-headed ogre hits you with a +0 giant spiked club!!
The two-headed ogre hits you but does no damage.
You are too injured to fight recklessly!
You are too injured to fight recklessly!
You are too injured to fight recklessly!
You are too injured to fight recklessly!
You are too injured to fight recklessly!
There is a stone staircase leading down here.
You can no longer pass through a line of other dancers.
You slash the two-headed ogre!
The two-headed ogre is heavily wounded.
The two-headed ogre hits you with a +0 giant spiked club!!
* * * LOW HITPOINT WARNING * * *
The two-headed ogre hits you with a +0 giant spiked club!
You die...

######
##########.>..#
#....@O....##.#
#..###########.######
#))....# #......#
.......# .. ........#
#.#..#.###### #
#...##.# #.#..##..#


You could see a two-headed ogre.

Vanquished Creatures
  Harold (D:7)
  Erica (D:9)
  A two-headed ogre (D:7)
  A troll (D:9)
  A hippogriff (D:8)
  Eustachio (D:5)
  Edmund (D:6)
  Menkaure (D:7)
  A water moccasin (D:7)
  An orc warrior (D:6)
  A sky beast (D:6)
  A phantom (D:8)
  2 ogres
  4 centaurs
  A big kobold (D:8)
  3 bullfrogs
  A scorpion (D:8)
  3 wights (D:8)
  A howler monkey (D:6)
  5 crimson imps
  A quasit (D:7)
  4 hounds
  A jelly (D:8)
  3 orc priests
  A gnoll shaman (D:6)
  5 orc wizards
  Crazy Yiuf (D:2)
  2 centaur skeletons (D:4)
  5 worker ants
  2 iguanas
  A killer bee zombie (D:8)
  A hound zombie (D:5)
  A hound skeleton (D:7)
  2 worker ant zombies
  5 gnolls (D:6)
  4 adders
  An ooze (D:4)
  An adder skeleton (D:8)
  An adder zombie (D:8)
  2 worms
  2 dart slugs
  10 leopard geckos
  24 orcs
  A ball python (D:2)
  5 giant cockroaches
  2 goblins (D:1)
  9 hobgoblins
  2 jackals (D:8)
  6 quokkas
  10 bats
  4 frilled lizards
  A jackal skeleton (D:3)
  13 kobolds
  A leopard gecko zombie (D:7)
  2 rats
  A fungus (D:2)
169 creatures vanquished.

Vanquished Creatures (others)
  5 dream sheep (D:7)
5 creatures vanquished.

Grand Total: 174 creatures vanquished

Notes
Turn   | Place    | Note
-------+----------+-------------------------------------------
     0 | D:1      | epen the Gnoll Assassin began the quest for the Orb.
     0 | D:1      | Reached XP level 1. HP: 20/20 MP: 1/1
    66 | D:1      | Reached XP level 2. HP: 16/26 MP: 2/2
   227 | D:1      | Reached XP level 3. HP: 29/31 MP: 3/3
   728 | D:2      | Reached skill level 1 in Invocations
   841 | D:2      | Found a shattered altar of Ashenzari.
   932 | D:2      | Found an opulent altar of Gozag.
  1004 | D:2      | Reached skill level 1 in Long Blades
  1004 | D:2      | Reached skill level 1 in Axes
  1004 | D:2      | Reached skill level 1 in Maces & Flails
  1004 | D:2      | Reached skill level 1 in Polearms
  1004 | D:2      | Reached skill level 1 in Staves
  1004 | D:2      | Reached skill level 1 in Slings
  1004 | D:2      | Reached skill level 1 in Bows
  1004 | D:2      | Reached skill level 1 in Crossbows
  1004 | D:2      | Reached skill level 1 in Armour
  1004 | D:2      | Reached skill level 1 in Shields
  1004 | D:2      | Reached skill level 1 in Unarmed Combat
  1004 | D:2      | Reached skill level 1 in Spellcasting
  1004 | D:2      | Reached skill level 1 in Evocations
  1099 | D:2      | Reached XP level 4. HP: 38/38 MP: 5/5
  1319 | D:2      | Found a runed door.
  1323 | D:2      | Noticed Crazy Yiuf
  1327 | D:2      | Killed Crazy Yiuf
  1473 | D:3      | Reached skill level 1 in Conjurations
  1473 | D:3      | Reached skill level 1 in Hexes
  1473 | D:3      | Reached skill level 1 in Charms
  1473 | D:3      | Reached skill level 1 in Summonings
  1473 | D:3      | Reached skill level 1 in Necromancy
  1473 | D:3      | Reached skill level 1 in Translocations
  1473 | D:3      | Reached skill level 1 in Transmutations
  1473 | D:3      | Reached skill level 1 in Fire Magic
  1473 | D:3      | Reached skill level 1 in Ice Magic
  1473 | D:3      | Reached skill level 1 in Air Magic
  1473 | D:3      | Reached skill level 1 in Earth Magic
  1473 | D:3      | Reached skill level 1 in Poison Magic
  2147 | D:4      | Reached XP level 5. HP: 43/43 MP: 5/7
  2183 | D:4      | Gained mutation: You are partially covered in thin metallic
                  | scales. (AC +2) [potion of mutation]
  2183 | D:4      | Gained mutation: You possess an exceptional clarity of
                  | mind. [potion of mutation]
  2183 | D:4      | Gained mutation: You have a pair of small horns on your
                  | head. [potion of mutation]
  2776 | D:4      | Reached skill level 8 in Stealth
  2791 | D:4      | Reached XP level 6. HP: 50/50 MP: 8/8
  2966 | D:4      | Reached skill level 5 in Fighting
  2966 | D:4      | Reached skill level 5 in Short Blades
  2966 | D:4      | Reached skill level 5 in Throwing
  3097 | D:5      | Entered Level 5 of the Dungeon
  3220 | D:5      | Got a dazzling hunting sling
  3221 | D:5      | Identified the cursed +2 hunting sling "Culiol" {speed,
                  | -Tele rF+ Dex+8} (You found it on level 5 of the Dungeon)
  3398 | D:5      | Noticed Eustachio
  3400 | D:5      | Killed Eustachio
  3400 | D:5      | Reached XP level 7. HP: 56/56 MP: 10/10
  3644 | D:6      | Noticed Edmund
  3658 | D:6      | Killed Edmund
  3769 | D:6      | Reached XP level 8. HP: 63/63 MP: 12/12
  4008 | D:6      | Found a staircase to the Ecumenical Temple.
  4030 | Temple   | Entered the Ecumenical Temple
  4271 | Temple   | Became a worshipper of Uskayaw the Reveler
  4361 | D:6      | Reached * piety under Uskayaw
  4481 | D:6      | Reached ** piety under Uskayaw
  5051 | D:6      | Found an iron altar of Okawaru.
  5338 | D:7      | Noticed Menkaure
  5349 | D:7      | Killed Menkaure
  5408 | D:7      | Noticed Harold
  5754 | D:7      | Reached *** piety under Uskayaw
  5755 | D:7      | Reached XP level 9. HP: 69/69 MP: 14/14
  5762 | D:7      | Reached **** piety under Uskayaw
  6275 | D:7      | Killed Harold
  6275 | D:7      | Reached skill level 5 in Dodging
  6275 | D:7      | Reached skill level 9 in Stealth
  6648 | D:7      | Found a shimmering altar of Xom.
  6710 | D:8      | Found Jegown Yfiar's Weapon Emporium.
  6773 | D:8      | Noticed a two-headed ogre
  6841 | D:7      | Killed a two-headed ogre
  6841 | D:7      | Reached skill level 5 in Invocations
  6841 | D:7      | Reached XP level 10. HP: 35/77 MP: 15/17
  7296 | D:8      | Reached skill level 5 in Long Blades
  7296 | D:8      | Reached skill level 5 in Axes
  7296 | D:8      | Reached skill level 5 in Maces & Flails
  7296 | D:8      | Reached skill level 5 in Polearms
  7296 | D:8      | Reached skill level 5 in Staves
  7296 | D:8      | Reached skill level 5 in Slings
  7296 | D:8      | Reached skill level 5 in Bows
  7296 | D:8      | Reached skill level 5 in Crossbows
  7296 | D:8      | Reached skill level 5 in Armour
  7296 | D:8      | Reached skill level 5 in Shields
  7296 | D:8      | Reached skill level 5 in Unarmed Combat
  7296 | D:8      | Reached skill level 5 in Spellcasting
  7296 | D:8      | Reached skill level 5 in Evocations
  7818 | D:9      | Noticed Erica
  7835 | D:9      | Killed Erica
  7861 | D:9      | Noticed a two-headed ogre
  8210 | D:9      | Mangled by a two-headed ogre

Vault maps used:
D:1:      tarquinn_simple_flora_water_b, minmay_tetromino_l2
D:2:      ashenzari_conservatory_becter, nicolae_gozag_seed_capital,
          first_ration, st_stairs_13, uniq_crazy_yiuf_cottage
D:3:      st_stairs_7
D:5:      uniq_eustachio
D:6:      gup_sewer_entry_bowl, kennysheep_small_spiral,
          kennysheep_okawaru_gauntlet, uniq_edmund
D:7:      kb_xom_exploding_sheep, uniq_menkaure, uniq_harold
D:8:      serial_shops, nicolae_shop_trees
D:9:      gammafunk_temple_overflow_elements, lair_entry_dummy, serial_shops,
          shop_statue, special_room, hangedman_little_slice_of_home, uniq_erica
Temple:   dpeg_five_rooms_temple

Skill      XL: |  1  2  3  4  5  6  7  8  9 10 |
---------------+-------------------------------+-----
Invocations    | 1 2 3 4 5 |  5.9
Long Blades    | 1 2 3 4 5 |  5.3
Axes           | 1 2 3 4 5 |  5.3
Maces & Flails | 1 2 3 4 5 |  5.3
Polearms       | 1 2 3 4 5 |  5.3
Staves         | 1 2 3 4 5 |  5.3
Slings         | 1 2 3 4 5 |  5.3
Bows           | 1 2 3 4 5 |  5.3
Crossbows      | 1 2 3 4 5 |  5.3
Armour         | 1 2 3 4 5 |  5.3
Shields        | 1 2 3 4 5 |  5.3
Unarmed Combat | 1 2 3 4 5 |  5.3
Spellcasting   | 1 2 3 4 5 |  5.3
Evocations     | 1 2 3 4 5 |  5.3
Conjurations   | 1 2 3 4 |  4.4
Hexes          | 1 2 3 4 |  4.4
Charms         | 1 2 3 4 |  4.4
Summonings     | 1 2 3 4 |  4.4
Necromancy     | 1 2 3 4 |  4.4
Translocations | 1 2 3 4 |  4.4
Transmutations | 1 2 3 4 |  4.4
Fire Magic     | 1 2 3 4 |  4.4
Ice Magic      | 1 2 3 4 |  4.4
Air Magic      | 1 2 3 4 |  4.4
Earth Magic    | 1 2 3 4 |  4.4
Poison Magic   | 1 2 3 4 |  4.4
Dodging        | 3 4 5 6 |  6.0
Stealth        | 8 9 |  9.5
Fighting       | 5 6 7 |  7.1
Short Blades   | 5 6 7 |  7.1
Throwing       | 5 6 7 |  7.1

Action                   |  1- 3 |  4- 6 |  7- 9 | 10-12 || total
-------------------------+-------+-------+-------+-------++-------
Melee: Dagger            |   106 |   114 |       |       ||   220
       Bite              |     6 |    14 |    23 |    15 ||    58
       Short sword       |       |    35 |   242 |     8 ||   285
       Headbutt          |       |    12 |    50 |    27 ||    89
       Punch             |       |       |     4 |     5 ||     9
       Long sword        |       |       |       |   108 ||   108
       Dire flail        |       |       |       |     2 ||     2
 Fire: Blowgun           |       |       |     4 |       ||     4
Throw: Javelin           |       |       |     2 |       ||     2
       Throwing net      |       |       |     1 |       ||     1
  Use: Potion            |       |     9 |       |       ||     9
       Scroll            |       |     7 |       |     1 ||     8
 Stab: Sleeping          |     8 |    11 |     3 |     1 ||    23
       Distracted        |     1 |       |       |       ||     1
       Paralysed         |       |       |     2 |     1 ||     3
       Held in net/web   |       |       |     2 |       ||     2
  Eat: Chunk             |       |     8 |     7 |     4 ||    19
       Ration            |       |       |     1 |     1 ||     2
Armor: Robe              |    24 |       |       |       ||    24
       Ring mail         |     4 |    29 |    75 |       ||   108
       Chain mail        |       |       |    20 |    65 ||    85
Dodge: Dodged            |    71 |    68 |   150 |    51 ||   340
       Rpst.: Long sword |       |       |       |    17 ||    17

Table legend:
 A = Non-vault XP
 B = Vault XP
 C = Vault XP percentage of total XP
 D = Non-vault monster count
 E = Vault monster count
 F = Vault count percentage of total count
                 A         B        C        D         E       F
            +---------+---------+-------+---------+---------+-------
      Total |    4964 |    2504 |  33.5 |     155 |      13 |   7.7
            +---------+---------+-------+---------+---------+-------
        D:1 |      52 |       2 |   3.7 |      29 |       2 |   6.5
        D:2 |      27 |      40 |  59.7 |      12 |       2 |  14.3
        D:3 |      28 |       3 |   9.7 |       8 |       2 |  20.0
        D:4 |     360 |       0 |   0.0 |      18 |       0 |   0.0
        D:5 |     117 |     208 |  64.0 |       5 |       1 |  16.7
        D:6 |     929 |     173 |  15.7 |      25 |       3 |  10.7
        D:7 |    1596 |    1134 |  41.5 |      18 |       2 |  10.0
        D:8 |    1464 |       0 |   0.0 |      32 |       0 |   0.0
        D:9 |     391 |     944 |  70.7 |       8 |       1 |  11.1
            +---------+---------+-------+---------+---------+-------
